 Dungeon Crawl Stone Soup version 0.23-a0-644-gb60d84b (webtiles) character file.

714 Borgoz the Ruffian (level 7, -1/57 HPs)
             Began as a Ghoul Gladiator on Jan 1, 2019.
             Slain by a quasit (3 damage)
             ... summoned by Eustachio
             ... on level 3 of the Dungeon.
             The game lasted 00:07:40 (2741 turns).

Borgoz the Ruffian (Ghoul Gladiator)                Turns: 2741, Time: 00:07:41

Health: -1/57      AC:  4    Str: 18    XL:     7   Next: 69%
Magic:  6/6        EV: 13    Int:  3    God:
Gold:   136        SH:  0    Dex: 12    Spells: 6/6 levels left

rFire    . . .     SeeInvis .     - Unarmed
rCold    + . .     Gourm    .   (no shield)
rNeg     + + +     Faith    .   a - +0 leather armour
rPois    ∞         Spirit   .   b - +0 helmet
rElec    .         Reflect  .   (no cloak)
rCorr    .         Harm     .   (no gloves)
MR       .....                  (no boots)
Stlth    +.........             (no amulet)
HPRegen  0.00/turn              (no ring)
MPRegen  0.10/turn              (no ring)

@: rotting
A: rotting body, claws 1, carnivore, cold resistance 1, negative energy
resistance 3, inhibited regeneration, torment resistance, unbreathing
a: no special abilities


You were on level 3 of the Dungeon.
You were not hungry.

You visited 2 branches of the dungeon, and saw 5 of its levels.

You collected 136 gold pieces.

Inventory:

Missiles
 c - 3 throwing nets (quivered)
Armour
 a - a +0 leather armour (worn)
 b - a +0 helmet (worn)
Jewellery
 w - an uncursed amulet of magic regeneration {unknown}
Wands
 p - a wand of iceblast (4)
Scrolls
 e - 10 scrolls of identify
 f - a scroll of random uselessness
 h - 2 scrolls of enchant armour {unknown}
 i - a scroll of teleportation {unknown}
 n - 2 scrolls of remove curse
 o - a scroll of magic mapping {unknown}
 q - a scroll of amnesia {unknown}
 u - a scroll of blinking {unknown}
Potions
 l - a potion of berserk rage {unknown}
 r - 2 potions of brilliance {unknown}
 s - a potion of flight {unknown}
 t - 7 potions of lignification
Comestibles
 d - 10 rations
 m - a chunk of flesh


   Skills:
 + Level 3.2 Fighting
 - Level 1.7 Throwing
 + Level 2.8 Armour
 + Level 4.3 Dodging
 + Level 1.0 Stealth
 + Level 7.3 Unarmed Combat


You had 6 spell levels left.
You didn't know any spells.
Your spell library was empty.

Dungeon Overview and Level Annotations

Branches:
Dungeon (4/15)             Temple (1/1) D:4

Altars:
Cheibriados
Dithmenos
Gozag
Hepliaklqana
Kikubaaqudgha
Makhleb
Nemelex Xobeh
Okawaru
Ru
Sif Muna
Uskayaw
Vehumet
Wu Jian
Xom
Yredelemnul
Zin

Shops:
D:4 [

Annotations:
D:3 Eustachio


Innate Abilities, Weirdness & Mutations

Your body is rotting away.
You thrive on raw meat.
You are immune to poison.
You have sharp fingernails.
You are carnivorous and can eat meat at any time.
Your flesh is cold resistant. (rC+)
You are immune to negative energy. (rN+++)
You do not regenerate when monsters are visible.
You are immune to unholy pain and torment.
You can survive without breathing.


Message History

Eustachio wails, "Help!"
Eustachio gestures wildly while chanting.
Eustachio blinks!
Eustachio casts a spell.
Eustachio blinks!
Eustachio gestures wildly while chanting.
Eustachio blinks!
Eustachio casts a spell.
Eustachio blinks!
The iron imp shouts, "Turn tail, thou decomposing nut-hook running sore!"
The quasit completely misses you.
The quasit claws you but does no damage.
The quasit closely misses you.
Eustachio gestures wildly while chanting.
Eustachio blinks!
You scratch Eustachio but do no damage.
Your attack snaps Eustachio out of his fear.
Eustachio is severely wounded.
The quasit bites you.
You die...

......###########.#
............#####.#
.........##..##..)#
......#......##.#.#
......###.......#.####
...........#.........#
........##.######.####
......#........§..#
......#####.####@5########
.......####....#@5.....>.#
######.....###....5.....r#
#####...####........#
###...).........#
#######.......# #.......#
#......r# #.......#


You could see Eustachio (fleeing), an iron imp, a quasit and a white imp.

Vanquished Creatures
  Sigmund (D:3)
  2 phantoms (D:4)
  A howler monkey (D:4)
  A hound (D:4)
  3 iguanas (D:4)
  A bullfrog skeleton (D:4)
  Natasha (twice) (D:4)
  A worker ant (D:4)
  Robin (D:3)
  4 adders
  2 oozes
  2 dart slugs
  2 leopard geckos
  An orc (D:3)
  6 bats
  2 giant cockroaches (D:1)
  11 goblins
  10 hobgoblins
  11 jackals
  A quokka (D:4)
  5 frilled lizards
  7 kobolds
  7 rats
84 creatures vanquished.

Notes
Turn   | Place    | Note
-------+----------+-------------------------------------------
     0 | D:1      | Borgoz the Ghoul Gladiator began the quest for the Orb.
     0 | D:1      | Reached XP level 1. HP: 17/17 MP: 0/0
   327 | D:1      | Reached XP level 2. HP: 24/24 MP: 1/1
   768 | D:2      | Found a faded altar of an unknown god.
   775 | D:2      | Reached XP level 3. HP: 29/29 MP: 2/2
   846 | D:3      | Reached skill level 4 in Unarmed Combat
  1020 | D:3      | Noticed Sigmund
  1117 | D:2      | Found a snail-covered altar of Cheibriados.
  1118 | D:2      | Found a shadowy altar of Dithmenos.
  1153 | D:2      | Reached XP level 4. HP: 15/37 MP: 3/3
  1192 | D:2      | Reached skill level 1 in Armour
  1225 | D:2      | Found a sacrificial altar of Ru.
  1455 | D:3      | Killed Sigmund
  1455 | D:3      | Reached skill level 5 in Unarmed Combat
  1455 | D:3      | Reached XP level 5. HP: 27/44 MP: 4/4
  1455 | D:3      | Reached XP level 6. HP: 31/50 MP: 5/5
  1617 | D:3      | Noticed Robin
  1716 | D:3      | Killed Robin
  1834 | D:4      | Noticed a phantom
  1844 | D:4      | Killed a phantom
  1844 | D:4      | Reached skill level 6 in Unarmed Combat
  1884 | D:4      | Found a staircase to the Ecumenical Temple.
  1905 | Temple   | Entered the Ecumenical Temple
  1989 | D:4      | Noticed Natasha
  1995 | D:4      | Killed Natasha
  1995 | D:4      | Reached XP level 7. HP: 42/56 MP: 6/6
  2133 | D:4      | Found Sereih's Armour Emporium.
  2228 | D:4      | HP: 2/57 [phantom (9)]
  2504 | D:4      | Reached skill level 7 in Unarmed Combat
  2508 | D:4      | Reached skill level 1 in Stealth
  2641 | D:4      | Noticed Natasha
  2644 | D:4      | Killed Natasha
  2658 | D:4      | Noticed Eustachio
  2703 | D:4      | HP: 2/57 [iron imp[Eustachio] (10)]
  2734 | D:3      | HP: 2/57 [iron imp[Eustachio] (8)]
  2741 | D:3      | Slain by a quasit

Vault maps used:
D:1:      matt_arrival_los_fun
D:2:      lemuel_crystal_altar, gammafunk_temple_overflow_pools,
          chequers_ecumenical_altar_simple
D:3:      first_ration, uniq_robin, uniq_sigmund
D:4:      minmay_temple_entry_antechambers, serial_shops, kennysheep_mini,
          uniq_eustachio, uniq_natasha
Temple:   cyrus_circular_temple

Skill      XL: |  1  2  3  4  5  6  7 |
---------------+----------------------+-----
Dodging        | 3 4 |  4.3
Unarmed Combat | 4 5 6 7 |  7.3
Armour         | 2 |  2.8
Fighting       | 3 |  3.2
Stealth        | 1 |  1.0
Throwing       | |  1.7

Action                   |  1- 3 |  4- 6 |  7- 9 || total
-------------------------+-------+-------+-------++-------
Melee: Unarmed           |   115 |   140 |    91 ||   346
       Punch             |       |     1 |     1 ||     2
  Use: Scroll            |       |       |     7 ||     7
       Potion            |       |       |     5 ||     5
 Stab: Sleeping          |       |     1 |       ||     1
       Fleeing           |       |       |     1 ||     1
  Eat: Chunk             |    11 |    14 |     9 ||    34
Armor: Leather armour    |    30 |    18 |    33 ||    81
Dodge: Dodged            |    68 |    82 |   141 ||   291

Table legend:
 A = Non-vault XP
 B = Vault XP
 C = Vault XP percentage of total XP
 D = Non-vault monster count
 E = Vault monster count
 F = Vault count percentage of total count
                 A         B        C        D         E       F
            +---------+---------+-------+---------+---------+-------
      Total |     716 |     305 |  29.9 |      69 |      15 |  17.9
            +---------+---------+-------+---------+---------+-------
        D:1 |      32 |       0 |   0.0 |      18 |       0 |   0.0
        D:2 |      80 |       0 |   0.0 |      24 |       0 |   0.0
        D:3 |      37 |     270 |  87.9 |      12 |      14 |  53.8
        D:4 |     567 |      35 |   5.8 |      15 |       1 |   6.2
            +---------+---------+-------+---------+---------+-------
